 Dungeon Crawl Stone Soup version 0.29-a0-284-gf9362112df (webtiles) character file.

Game seed: 17822652645144556542

58 enile the Sneak (level 4, 0/31 HPs)
             Began as an Octopode Delver on Mar 19, 2022.
             Slain by a frilled lizard (1 damage)
             ... on level 2 of the Dungeon.
             The game lasted 00:03:05 (2193 turns).

enile the Sneak (Octopode Delver)                   Turns: 2193, Time: 00:03:06

Health: 0/31       AC:  1    Str: 11    XL:     4   Next: 2%
Magic:  4/4        EV: 11    Int: 14    God:
Gold:   62         SH:  7    Dex: 13    Spells: 3/3 levels left

rFire   . . .      SeeInvis .   a - +0 falchion
rCold   . . .      Faith    .   g - +0 kite shield
rNeg    . . .      Spirit   .   (helmet restricted)
rPois   .          Reflect  .   (no amulet)
rElec   .          Harm     .   (no ring)
rCorr   .          Rampage  .   (no ring)
Will    .....                   (no ring)
Stlth   ++++......              (no ring)
HPRegen 0.10/turn               (no ring)
MPRegen 0.09/turn               (no ring)
                                (no ring)
                                (no ring)

@: no status effects
A: almost no armour, amphibious, 8 rings, camouflage 1, gelatinous body 1,
(nimble swimmer 1), tentacles
a: no special abilities


You were on level 2 of the Dungeon.
You visited 1 branch of the dungeon, and saw 5 of its levels.

You collected 140 gold pieces.
You spent 78 gold pieces at shops.

Inventory:

Hand Weapons
 a - a +0 falchion (weapon)
Missiles
 l - 5 poisoned darts (quivered)
Armour
 g - a +0 kite shield (worn)
Jewellery
 j - a ring of protection from cold
Wands
 f - a wand of digging (3)
Scrolls
 b - 3 scrolls of fog
 c - 2 scrolls of magic mapping
 d - 4 scrolls of fear
 h - a scroll of amnesia {unknown}
 i - 2 scrolls of teleportation
 m - a scroll of immolation {unknown}
 o - a scroll of vulnerability {unknown}
 q - a scroll of noise {unknown}
Potions
 e - a potion of haste
 k - a potion of might {unknown}
 n - a potion of degeneration {unknown}
 p - 2 potions of curing


   Skills:
 - Level 3.3 Fighting
 - Level 2.4 Long Blades
 - Level 2.4 Dodging
 - Level 7.0 Stealth
 + Level 1.7 Shields


You had 3 spell levels left.
You didn't know any spells.
Your spell library contained the following spells:

 Spells                   Type           Power      Damage    Failure   Level
 Apportation              Tloc           0%         N/A       67%         1
 Ensorcelled Hibernation  Hex/Ice        0%         N/A       82%         2
 Spider Form              Tmut/Pois      0%         N/A       96%         3
 Anguish                  Hex/Necr       0%         N/A       100%        4
 Alistair's Intoxication  Tmut/Pois      0%         N/A       100%        5


Dungeon Overview and Level Annotations

Branches:
Dungeon (5/15)
 Temple: D:4-7

Altars:
Dithmenos

Shops:
D:1 *

Annotations:
D:3 Natasha


Innate Abilities, Weirdness & Mutations

You cannot wear most types of armour.
You are amphibious.
You can wear up to eight rings at the same time.
Your skin changes colour to match your surroundings (Stealth+).
Your rubbery body absorbs attacks. (AC +1, EV +1)
((You are camouflaged when in or above water. (Stealth+)))
You have tentacles for arms and can constrict up to eight enemies at once.


Message History

You hit the bat.
You kill the bat!
No target in view!
No target in view!
No target in view!
No target in view!
You see here a bat corpse.
Found a stone staircase leading down.
Found a stone staircase leading down.
You pick up a book of Party Tricks and begin reading...
You add the spells Apportation and Alistair's Intoxication to your library.
No target in view!
Key pressed, stopping explore.
There is an open door here.
Done exploring.
Okay, then.
Done exploring.
Done exploring.
Done exploring.
Done exploring.
Search for what [Enter for "."]? .
(D) Dungeon
Where to? (Enter - D:1 @ (x,y), ? - help)
There is an open door here.
You see here a quokka skeleton.
There is a stone staircase leading down here.
You climb downwards.
The gnoll shouts! x3; The frilled lizard hisses angrily.
The gnoll shouts!
You block the gnoll's attack.
There is a stone staircase leading up here.
There are monsters nearby!
The gnoll hits you from afar with a +0 halberd.
The gnoll hits you from afar with a +0 halberd!
Sorry, you're not good enough to have a special ability.
The gnoll hits you from afar with a +0 halberd!
* * * LOW HITPOINT WARNING * * *
The gnoll hits you from afar with a +0 halberd.
* * * LOW HITPOINT WARNING * * *
The frilled lizard bites you.
You die...

..#####.#.#...
........<.# #.
##.###.......b
#########......#.....
##.................###
###...........##..#.##
.....g......## ##...#
#.g.g....# ##..#
#.gl@....# .#
#.............
##....######## #.### #


You could see 4 gnolls and a frilled lizard.

Vanquished Creatures
  An adder (D:2)
  A ball python (D:3)
  6 endoplasms
  4 giant cockroaches
  4 goblins
  5 hobgoblins
  6 jackals
  A quokka (D:1)
  4 bats
  A frilled lizard (D:1)
  5 kobolds
  4 rats
42 creatures vanquished.

Notes
Turn   | Place    | Note
-------+----------+-------------------------------------------
     0 | D:5      | enile the Octopode Delver began the quest for the Orb.
     0 | D:5      | Reached XP level 1. HP: 16/16 MP: 1/1
     9 | D:4      | Noticed a water moccasin
   586 | D:4      | Noticed a howler monkey
   587 | D:4      | Noticed a hound
   672 | D:3      | Reached XP level 2. HP: 21/21 MP: 2/2
   764 | D:3      | Noticed Natasha
  1049 | D:2      | Found a shadowy altar of Dithmenos.
  1065 | D:2      | Reached XP level 3. HP: 15/26 MP: 3/3
  1260 | D:2      | Reached skill level 7 in Stealth
  1480 | D:1      | Found Fowah's General Store.
  1554 | D:1      | Reached skill level 1 in Shields
  1784 | D:1      | Bought a scroll of teleportation for 39 gold pieces
  1784 | D:1      | Bought a potion of curing for 39 gold pieces
  1864 | D:1      | Reached XP level 4. HP: 29/31 MP: 4/4
  2193 | D:2      | HP: 1/31 [gnoll/+0 halberd (3)]
  2193 | D:2      | Slain by a frilled lizard

Illustrated notes

Levels and vault maps discovered:
D:1:      nzn_arrival_depleted_hourglass, layout_rooms, serial_shops, shop
D:2:      layout_rooms, basic_altar, uniq_crazy_yiuf_cottage
D:3:      layout_loops_ring, nicolae_ecumenical_snake_handling, uniq_natasha
D:4:      layout_layer_cave, temple_green, serial_shops, shop
D:5:      layout_gridville

Skill      XL: |  1  2  3 |
---------------+----------+-----
Stealth        | 7 |  7.0
Shields        | 1 |  1.7
Fighting       | |  3.3
Long Blades    | |  2.4
Dodging        | |  2.4

Action                   |  1- 3 |  4- 6 || total
-------------------------+-------+-------++-------
Melee: Falchion          |    86 |     1 ||    87
       Constrict         |    14 |       ||    14
       Tentacles         |     9 |       ||     9
       Punch             |     1 |       ||     1
 Stab: Sleeping          |    10 |     1 ||    11
Armor: Skin              |     9 |       ||     9
Dodge: Dodged            |    45 |       ||    45
Block: Kite shield       |    46 |     1 ||    47

Table legend: (Time is in decaauts)
 A = Elapsed time spent in this place.
 B = Non-inter-level travel time spent in this place.
 C = Inter-level travel time spent in this place.
 D = Time resting spent in this place.
 E = Time spent auto-exploring this place.
 F = Levels seen in this place.
 G = Mean time per level.
                   A        B        C        D        E       F      G
               +--------+--------+--------+--------+--------+-----+--------+
         Total |   2224 |   2142 |     82 |    267 |   1455 |   5 |  444.8 |
       Dungeon |   2224 |   2142 |     82 |    267 |   1455 |   5 |  444.8 |
               +--------+--------+--------+--------+--------+-----+--------+

Top non-repeatable levels by time:
     D:1: 884 daAuts
     D:4: 596 daAuts
     D:2: 547 daAuts
     D:3: 193 daAuts
     D:5: 3 daAuts
